 Dungeon Crawl Stone Soup version 0.27-a0-328-g7f782ed93a (webtiles) character file.

Game seed: 2632854531063730468

423 Nattfarinn the Caller (level 6, 0/46 HPs)
             Began as a Barachi Summoner on Feb 11, 2021.
             Succumbed to a scorpion's poison
             ... on level 5 of the Dungeon.
             The game lasted 00:13:02 (5457 turns).

Nattfarinn the Caller (Barachi Summoner)            Turns: 5457, Time: 00:13:02

Health: 0/46       AC:  4    Str: 10    XL:     6   Next: 95%
Magic:  11/11      EV: 12    Int: 17    God:
Gold:   209        SH:  0    Dex: 12    Spells: 5/11 levels left

rFire    + + .     SeeInvis .   a - +1 whip (elec)
rCold    . . .     Faith    .   (no shield)
rNeg     . . .     Spirit   .   p - +0 leather armour
rPois    +         Reflect  .   k - +0 helmet
rElec    +         Harm     .   (no cloak)
rCorr    +         Rampage  .   (no gloves)
Will     +....                  (no boots)
Stlth    ++........             (no amulet)
HPRegen  0.15/turn              i - ring of fire
MPRegen  0.12/turn              j - ring of willpower

@: lethally poisoned (0 -> -8), resistant, can't hop, flying, hasted, quick
A: +LOS, swims, slowness 1, strong legs 1
a: Hop


You were on level 5 of the Dungeon.
You visited 1 branch of the dungeon, and saw 5 of its levels.

You collected 209 gold pieces.

Inventory:

Hand Weapons
 a - a +1 whip of electrocution (weapon)
 b - a +1 hunting sling of freezing
Missiles
 d - 77 stones (quivered)
Armour
 k - a +0 helmet (worn)
 p - a +0 leather armour (worn)
Jewellery
 h - a ring of flight
 i - a ring of fire (left hand)
 j - a ring of willpower (right hand)
Wands
 q - a wand of mindburst (13)
Scrolls
 c - 2 scrolls of noise {unknown}
 g - 3 scrolls of identify {unknown}
 m - 3 scrolls of enchant armour {unknown}
 n - 2 scrolls of amnesia {unknown}


   Skills:
 + Level 2.7 Fighting
 * Level 4.1 Armour
 + Level 3.4 Dodging
 - Level 1.7 Stealth
 + Level 3.3 Spellcasting
 * Level 6.6 Summonings


You had 5 spell levels left.
You knew the following spells:

 Your Spells              Type           Power        Failure   Level
a - Summon Small Mammal   Summ           100%         1%          1
b - Call Imp              Summ           25%          2%          2
c - Call Canine Familiar  Summ           25%          4%          3

Your spell library contained the following spells:

 Spells                   Type           Power        Failure   Level
 Summon Guardian Golem    Hex/Summ       14%          17%         3
 Summon Ice Beast         Ice/Summ       14%          50%         4
 Summon Lightning Spire   Summ/Air       14%          50%         4


Dungeon Overview and Level Annotations

Branches:
Dungeon (5/15)
 Temple: D:4-7

Altars:
Dithmenos
Zin


Innate Abilities, Weirdness & Mutations

You can be seen from farther away. (+LOS)
You can swim through water.
You cover ground slowly.
You can hop short distances.


Message History

Your +1 hunting sling of freezing stops glowing.
You hear the crackle of electricity.
a - a +1 whip of electrocution (weapon)
You closely miss the scorpion. The scorpion barely misses you.
You hit the scorpion but do no damage. The scorpion stings you.
You barely miss the scorpion. The scorpion stings you!
You are poisoned.
The scorpion poisons you!
You closely miss the scorpion.
You feel sick.
The scorpion stings you but does no damage.
The scorpion misses you.
You hit the scorpion but do no damage.
You feel sick. The scorpion stings you!
* * * LOW HITPOINT WARNING * * *
You are lethally poisoned!
The scorpion poisons you!
Okay, then.
Okay, then.
Hop to where?
Press: ? - help, Dir - move target, p - scorpion Boing!
* * * LOW HITPOINT WARNING * * *
You feel sick.
It was a potion of flight.
You feel very buoyant.
You fly up into the air.
* * * LOW HITPOINT WARNING * * *
You feel sick.
Okay, then.
You feel yourself speed up.
* * * LOW HITPOINT WARNING * * *
You feel sick.
* * * LOW HITPOINT WARNING * * *
You feel sick.
You see here a barding.
You feel protected.
* * * LOW HITPOINT WARNING * * *
You feel sick.
* * * LOW HITPOINT WARNING * * *
You feel sick.
You die...

#. ##.##.#.#.##
#.###.###...........
#.................!.
#######.#..o..#.####
#.####s##.# #<# #[#
.# #.# #.# # #.# #.#
#.# #@# #.# #.# ..#
... ### .###. .. ..
.# #. #. ## #


You could see a scorpion and an orc.

Vanquished Creatures
  Grinder (D:3)
  An iguana (D:4)
  Natasha (twice) (D:3)
  2 worker ants (D:4)
  An adder (D:2)
  2 oozes (D:2)
  A worm (D:4)
  3 dart slugs (D:4)
  2 leopard geckos
  4 orcs
  3 giant cockroaches
  10 jackals
  A kobold (D:1)
  5 quokkas
  A ball python (D:3)
  4 bats
  A frilled lizard (D:1)
  2 goblins
  7 rats
53 creatures vanquished.

Vanquished Creatures (collateral kills)
  Natasha (D:3)
  2 adders
  3 gnolls (D:3)
  2 dart slugs (D:1)
  2 leopard geckos
  4 goblins
  3 hobgoblins
  7 jackals
  3 kobolds
  5 bats
  A frilled lizard (D:1)
  A rat (D:1)
34 creatures vanquished.

Grand Total: 87 creatures vanquished

Notes
Turn   | Place    | Note
-------+----------+-------------------------------------------
     0 | D:1      | Nattfarinn the Barachi Summoner began the quest for the
                  | Orb.
     0 | D:1      | Reached XP level 1. HP: 13/13 MP: 3/3
   168 | D:1      | Reached skill level 5 in Summonings
   337 | D:1      | Reached XP level 2. HP: 20/20 MP: 3/5
   513 | D:1      | Reached skill level 1 in Armour
  1311 | D:1      | HP: 1/20 [poisoned by an adder]
  1318 | D:1      | Reached skill level 1 in Fighting
  1318 | D:1      | Reached XP level 3. HP: 2/26 MP: 0/6
  1872 | D:2      | Learned a level 2 spell: Call Imp
  1903 | D:2      | Found a faded altar of an unknown god.
  2314 | D:2      | Reached XP level 4. HP: 24/32 MP: 4/7
  3243 | D:3      | Noticed Grinder
  3266 | D:3      | Learned a level 3 spell: Call Canine Familiar
  3305 | D:3      | Paralysed by Grinder for 4 turns
  3397 | D:3      | Killed Grinder
  3398 | D:3      | Reached skill level 6 in Summonings
  3398 | D:3      | Reached XP level 5. HP: 28/39 MP: 2/9
  3398 | D:3      | Reached XP level 6. HP: 32/45 MP: 2/10
  3877 | D:3      | Noticed Natasha
  3884 | D:3      | Killed Natasha
  3927 | D:3      | Noticed Natasha
  3937 | D:3      | Killed Natasha
  4166 | D:3      | Noticed Natasha
  4179 | D:3      | Killed Natasha
  4277 | D:4      | Found a shadowy altar of Dithmenos.
  4475 | D:4      | Found a glowing silver altar of Zin.
  5392 | D:5      | Entered Level 5 of the Dungeon
  5455 | D:5      | HP: 2/46 [poisoned by a scorpion]
  5457 | D:5      | Succumbed to a scorpion's poison

Illustrated notes

Levels and vault maps discovered:
D:1:      saegor_arrival_simple_b, layout_basic, roderic_serpentine_path
D:2:      layout_basic, chequers_ecumenical_altar_simple_redux,
          chequers_arboretum
D:3:      layout_loops_ring, uniq_natasha, uniq_grinder
D:4:      layout_layer_cave, general_overflow_altar, serial_rivers,
          chequers_serial_rivers_small_a, chequers_serial_rivers_marsh,
          chequers_serial_rivers_small_b, chequers_serial_rivers_micro_e,
          chequers_serial_rivers_micro_e, chequers_serial_rivers_micro_a,
          grunt_dithmenos_smoke
D:5:      layout_loops_ring, nicolae_alphabet_shops

Skill      XL: |  1  2  3  4  5  6 |
---------------+-------------------+-----
Summonings     | 5 6 |  6.6
Armour         | 1 2 3 4 |  4.1
Fighting       | 1 2 |  2.7
Dodging        | 3 |  3.4
Spellcasting   | 3 |  3.3
Stealth        | |  1.7

Action                   |  1- 3 |  4- 6 || total
-------------------------+-------+-------++-------
Melee: Unarmed           |     4 |       ||     4
       Dagger            |    60 |       ||    60
       Whip              |       |     8 ||     8
 Fire: Hunting sling     |    20 |   134 ||   154
Throw: Stone             |     2 |       ||     2
 Cast: Summon Small Mamm |    41 |     5 ||    46
       Call Imp          |     7 |    14 ||    21
       Call Canine Famil |       |     1 ||     1
 Abil: Hop               |     1 |     1 ||     2
  Use: Potion            |     2 |     7 ||     9
Armor: Robe              |    27 |     1 ||    28
       Leather armour    |       |    14 ||    14
Dodge: Dodged            |    71 |    28 ||    99

Table legend: (Time is in decaauts)
 A = Elapsed time spent in this place.
 B = Non-inter-level travel time spent in this place.
 C = Inter-level travel time spent in this place.
 D = Time resting spent in this place.
 E = Time spent auto-exploring this place.
 F = Levels seen in this place.
 G = Mean time per level.
                   A        B        C        D        E       F      G
               +--------+--------+--------+--------+--------+-----+--------+
         Total |   6107 |   5662 |    445 |    882 |   3874 |   5 | 1221.4 |
       Dungeon |   6107 |   5662 |    445 |    882 |   3874 |   5 | 1221.4 |
               +--------+--------+--------+--------+--------+-----+--------+

Top non-repeatable levels by time:
     D:1: 1762 daAuts
     D:3: 1621 daAuts
     D:4: 1330 daAuts
     D:2: 1324 daAuts
     D:5: 69 daAuts
